 Dungeon Crawl Stone Soup version 0.17.0-24-gcfadda4 (console) character file.

44 Kloppie the Caller (level 3, -3/21 HPs)
             Began as a Gargoyle Summoner on Nov 17, 2015.
             Killed by nerve-wracking pain
             ... invoked by Jessica
              (11 damage)
             ... on level 2 of the Dungeon.
             The game lasted 00:03:26 (2285 turns).

Kloppie the Caller (Gargoyle Summoner)              Turns: 2285, Time: 00:03:26

Health: -3/21      AC:  5    Str: 11    XL:     3   Next: 62%
Magic:  0/6        EV: 12    Int: 16    God:
Gold:   83         SH:  0    Dex: 10    Spells: 3 memorised, 0 levels left

rFire  . . .     SeeInvis .     e - +0 whip
rCold  . . .     Clarity  .     a - +0 robe
rNeg   + . .     SustAt   .     (no shield)
rPois  ∞         Gourm    .     (no helmet)
rElec  +         Spirit   .     (no cloak)
rCorr  .         Warding  .     (no gloves)
rMut   .         Stasis   .     (no boots)
MR     .....                    (no amulet)
Stlth  ++........               (no ring)
                                (no ring)

@: not resistant to hostile enchantments, unstealthy
A: negative energy resistance 1, electricity resistance, unbreathing,
petrification resistance, rot immunity, AC +3
a: no special abilities


You were on level 2 of the Dungeon.
You were not hungry.

You visited 1 branch of the dungeon, and saw 2 of its levels.

You collected 83 gold pieces.

Inventory:

Hand Weapons
 e - a +0 whip (weapon)
Missiles
 d - 31 poisoned needles
Armour
 a - a +0 robe (worn)
Scrolls
 g - a scroll of amnesia {unknown}
 j - a scroll of enchant armour {unknown}
Potions
 h - a potion of lignification {unknown}
 i - a potion of brilliance {unknown}
Books
 b - a book of Callings

   Spells                             Type                      Level
   a - Summon Small Mammal            Summoning                    1
   b - Call Imp                       Summoning                    2
   c - Call Canine Familiar           Summoning                    3
   d - Summon Guardian Golem          Hexes/Summoning              3
   e - Summon Lightning Spire         Summoning/Air                4
   f - Summon Ice Beast               Ice/Summoning                4
Comestibles
 c - 2 bread rations
 f - a meat ration
 k - a beef jerky


   Skills:
 + Level 2.1 Fighting
 + Level 1.5 Maces & Flails
 - Level 1.5 Dodging
 - Level 2.1 Stealth
 - Level 2.0 Spellcasting
 + Level 3.9 Summonings


You couldn't memorise any spells.
You knew the following spells:

 Your Spells              Type           Power        Failure   Level  Hunger
a - Summon Small Mammal   Summ           ##..         6%          1    #......
b - Call Imp              Summ           ##......     10%         2    ###....
c - Call Canine Familiar  Summ           ##......     14%         3    ###....


Dungeon Overview and Level Annotations

Branches:
Dungeon (2/15)

Altars:

Annotations:
D:2 Jessica


Innate Abilities, Weirdness & Mutations

You are resistant to torment.
Your stone body is resilient (AC +3).
You are immune to poison.
You resist negative energy.
You are resistant to electric shocks.
You can survive without breathing.
You are immune to petrification.
You are immune to rotting.


Message History

Found a leather armour.
You now have 83 gold pieces (gained 5).
k - a beef jerky Jessica the Apprentice Sorceress comes into view.
She is wielding a dagger.
Casting: Call Imp
Confirm with . or Enter, or press ? or * to list all spells.
A beastly little devil appears in a puff of flame.
Jessica points at you and mumbles some strange words.
Pain shoots through your body!
Ouch! That really hurt!
* * * LOW HITPOINT WARNING * * *
Casting: Call Imp
Confirm with . or Enter, or press ? or * to list all spells.
A beastly little devil appears in a puff of frigid air.
Casting: Call Imp
Confirm with . or Enter, or press ? or * to list all spells.
A beastly little devil appears in a puff of flame.
Jessica gestures at you while chanting. Pain shoots through your body!
Ouch! That really hurt!
You die...

.# .# #########.#
#.......#.# #.#####.#.#
#### #.# #.#@###... #.#
#5#.5...# #.#
#.@.5...######## #.#
#######.........
##.##########.#.########
##............###........
##.###..####.##.#.########
###.## ##..###.# #.##
#...# #...##.# #.# #.#.##
##...##.# #.#
#.##.###..#.##.# #.#


You could see Jessica, 2 friendly crimson imps and a friendly white imp.

Vanquished Creatures
  A worm (D:2)
  A ball python (D:1)
  7 goblins
  3 hobgoblins (D:1)
  5 jackals (D:1)
  A quokka (D:2)
  3 bats
  2 giant cockroaches
  A giant gecko (D:1)
  4 giant newts
  6 kobolds
  2 rats
36 creatures vanquished.

Vanquished Creatures (collateral kills)
  A worm (D:2)
  A hobgoblin (D:1)
  A jackal (D:1)
  A giant cockroach (D:1)
4 creatures vanquished.

Grand Total: 40 creatures vanquished

Notes
Turn   | Place    | Note
--------------------------------------------------------------
     0 | D:1      | Kloppie the Gargoyle Summoner began the quest for the Orb.
     0 | D:1      | Reached XP level 1. HP: 10/10 MP: 3/3
   659 | D:1      | Reached XP level 2. HP: 16/16 MP: 5/5
   703 | D:1      | Reached skill level 1 in Fighting
  1357 | D:1      | Reached skill level 1 in Maces & Flails
  1570 | D:1      | Reached XP level 3. HP: 19/21 MP: 6/6
  1778 | D:1      | Learned a level 2 spell: Call Imp
  1782 | D:1      | Learned a level 3 spell: Call Canine Familiar
  2282 | D:2      | Noticed Jessica
  2285 | D:2      | Killed from afar by Jessica

Action                   || total
-------------------------++-------
Melee: Unarmed           ||    58
       Whip              ||   139
 Cast: Summon Small Mamm ||    11
       Call Imp          ||     7
 Stab: Sleeping          ||     5
  Eat: Chunk             ||     5
